 Dungeon Crawl Stone Soup version 0.18-a0-673-gce59692 (webtiles) character file.

8917 Sixotanaka the Slicer (level 11, -2/72 HPs)
             Began as an Octopode Assassin on Dec 5, 2015.
             Was an Initiate of Gozag.
             Slain by a blink frog (19 damage)
             ... on level 2 of the Lair of Beasts on Dec 6, 2015.
             The game lasted 00:58:40 (13048 turns).

Sixotanaka the Slicer (Octopode Assassin)          Turns: 13048, Time: 00:58:40

Health: -2/72      AC:  1    Str: 11    XL:     11   Next: 38%
Magic:  16/16      EV: 19    Int: 13    God:    Gozag
Gold:   415        SH:  0    Dex: 17    Spells: 0 memorised, 10 levels left

rFire  . . .     SeeInvis .     k - +2 dagger (elec)
rCold  . . .     Clarity  .     (no shield)
rNeg   . . .     SustAt   .     (helmet restricted)
rPois  .         Gourm    .     (no amulet)
rElec  .         Spirit   .     (no ring)
rCorr  .         Dismiss  .     s - ring of flight
rMut   .         Stasis   .     (no ring)
MR     .....                    (no ring)
Stlth  ++++++....               (no ring)
                                (no ring)
                                (no ring)
                                (no ring)

@: hasted, very quick, not resistant to hostile enchantments, very stealthy
A: almost no armour, amphibious, 8 rings, constrict 8, camouflage 1, gelatinous
body 1
a: Potion Petition, Call Merchant, Bribe Branch, Renounce Religion, Evoke Flight


You were on level 2 of the Lair of Beasts.
You worshipped Gozag.
Gozag was noncommittal.
You were not hungry.

You visited 2 branches of the dungeon, and saw 11 of its levels.
You also visited: Ossuary.

You collected 1566 gold pieces.
You paid 1151 gold pieces to Gozag.


Innate Abilities, Weirdness & Mutations

You cannot wear most types of armour.
You are amphibious.
You can wear up to eight rings at the same time.
You can use your tentacles to constrict eight enemies at once.
Your skin changes colour to match your surroundings (Stealth).
Your rubbery body absorbs attacks (AC +1).


   Skills:
 + Level 5.8 Fighting
 - Level 10.2 Short Blades
 - Level 2.0 Throwing
 - Level 10.0 Dodging
 - Level 10.0 Stealth
 + Level 6.7 Evocations


You had 10 spell levels left.
You didn't know any spells.

Dungeon Overview and Level Annotations

Branches:
Dungeon (9/15)             Temple (0/1) D:5            Lair (2/8) D:9
    Orc (0/4) D:9

Altars:
Ashenzari
Dithmenos
Elyvilon
Fedhas
Gozag
Okawaru
Pakellas
Qazlal
Trog
Vehumet
Yredelemnul
Zin

Annotations:
D:8 gg19's ghost, novice OpTm
Lair:2 Harold

Inventory:

Hand Weapons
 b - a +0 blowgun
 g - a +0 dagger of protection
   (You took it off an orc on level 7 of the Dungeon)
 k - a +2 dagger of electrocution (weapon)
   (You took it off an orc wizard on level 4 of the Dungeon)
 v - a +3 dagger of distortion {!w}
   (You took it off Psyche on level 9 of the Dungeon)
Missiles
 c - 56 poisoned needles
 d - 3 curare-tipped needles
 m - 5 needles of slowing
Jewellery
 s - a ring of flight (right tentacle)
Wands
 a - a wand of cold (7)
 n - a wand of fireball (10)
 o - a wand of fireball (8)
 F - a wand of disintegration (3)
 H - a wand of polymorph (8)
Scrolls
 h - 2 scrolls of blinking {unknown}
 p - 4 scrolls of fog
 r - 10 scrolls of immolation {!r}
 w - a scroll of remove curse {@r2}
 y - a scroll of amnesia {unknown}
 B - a scroll of summoning {unknown}
 G - a scroll of torment {unknown}
 J - 2 scrolls of recharging {unknown}
 K - 2 scrolls of fear {unknown}
Potions
 f - a potion of haste {@q3}
 i - 2 potions of resistance
 l - a potion of brilliance {unknown}
 q - 2 potions of magic {unknown}
 t - 4 potions of might
 u - 3 potions of lignification {!q}
 x - 3 potions of curing {@q1}
 z - 2 potions of degeneration {unknown}
 A - a potion of flight {unknown}
 E - a potion of agility {unknown}
 L - 2 potions of berserk rage {unknown}
Miscellaneous
 j - a legendary deck of escape {the Banshee}
Comestibles
 e - 10 bread rations
 C - a beef jerky

## ### #.###P# ##....## ......P#
## ...#..## #.##
...#..#####.#########
...#.........##FP.#.#
...............F....#
>..#...........F@§..## #
..............P####$.# #
.##............#.#..## #
.....#.............F# #
#...##........#.....# #########
##............#.§...#####P.P#P.##
....................##.........##
....... ....F......P..........#
......... ............=..........


You could see 3 blink frogs.


Message History

The crocodile barely misses you.
The blink frog blinks!
The blink frog blinks! x2
Aim: Harold, wielding a glaive of distortion and wearing a ring mail (heavily wounded, slow, poisoned)
Okay, then.
The blink frog blinks! x2
You see here a ring of flight.
The blink frog looks more healthy.
The blink frog blinks!
The blink frog blinks!
The blink frog blinks!
Wield which item (- for none, * to show all)? (? for menu, Esc to quit)
You hear the crackle of electricity.
k - a +2 dagger of electrocution (weapon)
The blink frog blinks!
The blink frog blinks! x2
The blink frog blinks!
The blink frog blinks!
You hit the crocodile. Your squeeze misses the crocodile.
The crocodile closely misses you.
The blink frog blinks!
You hit the crocodile but do no damage.
There is a sudden explosion of sparks!
You hit the crocodile but do no damage. The crocodile bites you!!
You hit the crocodile. Your squeeze misses the crocodile.
You hit the crocodile but do no damage. Your squeeze misses the crocodile.
The crocodile bites you.
You hit the crocodile. You hit the crocodile.
You squeeze the crocodile, but do no damage.
The crocodile bites you.
You closely miss the crocodile. You hit the crocodile.
There is a sudden explosion of sparks!
The blink frog blinks!
The crocodile misses you.
You hit the crocodile but do no damage. You hit the crocodile.
There is a sudden explosion of sparks!
You kill the crocodile!
You closely miss the blink frog. Your grab misses the blink frog.
The blink frog hits you.
The blink frog blinks!
The blink frog blinks!
The blink frog hits you.
* * * LOW HITPOINT WARNING * * *
You hit the blink frog but do no damage.
Your grab passes through the blink frog as it momentarily phases out.
The blink frog misses you.
Drink which item? (? for menu, Esc to quit)
Okay, then.
The blink frog hits you!
* * * LOW HITPOINT WARNING * * *
The blink frog blinks!
The blink frog hits you!
* * * LOW HITPOINT WARNING * * *
Read which item? (? for menu, Esc to quit)
Okay, then.
Drink which item? (? for menu, Esc to quit)
Okay, then. [a] - 325 gold - heal wounds and magic [b] - 420 gold - flight, agility and invisibility [c] - 667 gold - resistance, flight and haste Purchase which effect?
You feel much better. Magic courses through your body.
The blink frog closely misses you. The blink frog hits you!
* * * LOW HITPOINT WARNING * * *
The blink frog completely misses you.
Drink which item? (? for menu, Esc to quit)
Okay, then.
Read which item? (? for menu, Esc to quit)
Okay, then.
Drink which item? (? for menu, Esc to quit)
You feel yourself speed up.
The blink frog blinks!
The blink frog hits you.
* * * LOW HITPOINT WARNING * * *
The blink frog hits you!!
You die...
Your body crumbles into a pile of gold.

Action                   |  1- 3 |  4- 6 |  7- 9 | 10-12 || total
-------------------------+-------+-------+-------+-------++-------
Melee: Dagger            |    72 |   116 |   292 |   235 ||   715
 Fire: Blowgun           |    11 |     8 |    14 |    25 ||    58
Invok: Potion Petition   |       |       |     2 |     2 ||     4
Evoke: Wand              |       |       |     7 |       ||     7
  Use: Scroll            |     2 |     7 |     1 |     8 ||    18
       Potion            |     1 |       |     5 |     2 ||     8
 Stab: Sleeping          |    11 |    11 |    31 |    18 ||    71
       Distracted        |       |     3 |     4 |    12 ||    19
       Invisible         |       |       |     1 |       ||     1
  Eat: Chunk             |     4 |     5 |       |       ||     9
       Pizza             |       |     1 |     2 |       ||     3
       Meat ration       |       |     1 |       |     2 ||     3
       Beef jerky        |       |       |     2 |       ||     2
       Royal jelly       |       |       |     1 |       ||     1
       Bread ration      |       |       |     1 |       ||     1

Vault maps used:
D:1:      evilmike_arrival_rings
D:2:      first_bread
D:3:      kennysheep_big_flooded_room, minmay_misc_feat_columns
D:4:      grunt_qazlal_clouds, fedhas_altar_3, marbit_many_paths,
          nicolae_overflow_hidden_temple, enter_ossuary_1, portal_sewer_entry_f
D:5:      lemuel_crystal_altar, minmay_temple_entry_fiery, basic_altar
D:6:      grunt_temple_overflow_bloody_war, serial_curves, eino_curves_01,
          eino_curves_01, basic_altar
D:7:      kennysheep_mini, overflow_temple_1_default
D:8:      xom_butterflies, lemuel_crystal_altar, special_room
D:9:      gammafunk_temple_overflow_statue, david_lair_shrubbed,
          kennysheep_orc_monster_closet_entryway, uniq_psyche, uniq_maurice
Lair:2:   st_stairs_3, uniq_urug, uniq_harold, uniq_erica
Ossuary:  ossuary_crypta

Notes
Turn   | Place    | Note
--------------------------------------------------------------
     0 | D:1      | Sixotanaka the Octopode Assassin began the quest for the Orb.
     0 | D:1      | Reached XP level 1. HP: 14/14 MP: 1/1
   289 | D:1      | Reached XP level 2. HP: 19/19 MP: 2/2
   958 | D:2      | Reached skill level 3 in Short Blades
   958 | D:2      | Reached XP level 3. HP: 22/24 MP: 3/3
  1505 | D:3      | Reached skill level 6 in Stealth
  1665 | D:2      | HP: 3/24 [orc/hand axe (4)]
  1868 | D:2      | HP: 6/24 [giant cockroach (1)]
  2230 | D:3      | Reached XP level 4. HP: 14/29 MP: 4/4
  2946 | D:3      | Reached skill level 4 in Short Blades
  3113 | D:3      | Reached XP level 5. HP: 32/34 MP: 5/5
  3539 | D:4      | Found a blossoming altar of Fedhas.
  3564 | D:4      | Found a stormy altar of Qazlal.
  3706 | D:4      | Noticed an ogre
  3715 | D:4      | Found a sand-covered staircase.
  3724 | Ossuary  | Entered an ossuary
  3829 | Ossuary  | Reached skill level 5 in Short Blades
  3833 | Ossuary  | Reached skill level 7 in Stealth
  3833 | Ossuary  | Reached XP level 6. HP: 39/39 MP: 6/6
  4616 | D:4      | Found an oddly glowing altar of Pakellas.
  4787 | D:4      | Reached skill level 6 in Short Blades
  4787 | D:4      | Reached XP level 7. HP: 45/45 MP: 7/7
  4820 | D:4      | Reached skill level 8 in Stealth
  5154 | D:4      | Reached skill level 7 in Short Blades
  5155 | D:4      | Found a basalt altar of Yredelemnul.
  5220 | D:5      | Entered Level 5 of the Dungeon
  5262 | D:5      | Found a basalt altar of Yredelemnul.
  5571 | D:5      | Found an opulent altar of Gozag.
  5580 | D:5      | Became a worshipper of Gozag Ym Sagoz the Greedy
  5764 | D:5      | You fall through a shaft!
  5794 | D:6      | Found a white marble altar of Elyvilon.
  5826 | D:6      | Reached XP level 8. HP: 50/50 MP: 8/8
  5848 | D:6      | Reached skill level 9 in Stealth
  6060 | D:6      | Found a bloodstained altar of Trog.
  6061 | D:6      | Found an iron altar of Okawaru.
  6119 | D:6      | Reached skill level 8 in Short Blades
  6228 | D:6      | HP: 12/50 [centaur (9)]
  6232 | D:6      | HP: 5/50 [centaur (4)]
  6685 | D:5      | Found a staircase to the Ecumenical Temple.
  6933 | D:7      | Found a glowing silver altar of Zin.
  7141 | D:7      | Found a shattered altar of Ashenzari.
  7195 | D:7      | Reached skill level 9 in Short Blades
  7202 | D:7      | Reached skill level 10 in Stealth
  7231 | D:7      | HP: 12/50 [poisoned by a worker ant]
  7555 | D:7      | Reached skill level 1 in Evocations
  7815 | D:7      | Reached XP level 9. HP: 19/54 MP: 8/10
  8189 | D:7      | Reached skill level 2 in Evocations
  8288 | D:8      | Noticed gg19's ghost (novice OpTm)
  8395 | D:7      | Upgraded the game from 0.18-a0-660-gd91f0cb to 0.18-a0-671-g6b2bbc4
  8673 | D:8      | HP: 11/54 [centaur (8)]
  8680 | D:8      | Reached skill level 10 in Short Blades
  8974 | D:9      | Reached skill level 3 in Evocations
  9168 | D:9      | Noticed a komodo dragon
  9172 | D:9      | Noticed Psyche
  9184 | D:9      | HP: 13/55 [Psyche/dagger of distortion (5)]
  9186 | D:9      | Killed Psyche
  9186 | D:9      | Reached skill level 3 in Fighting
  9186 | D:9      | Reached skill level 2 in Dodging
  9186 | D:9      | Reached skill level 4 in Evocations
  9446 | D:9      | Found a staircase to the Lair.
  9481 | D:9      | Reached skill level 3 in Dodging
  9495 | D:9      | Found a radiant altar of Vehumet.
  9499 | D:9      | Found a shadowy altar of Dithmenos.
  9610 | D:9      | Reached skill level 4 in Dodging
  9776 | D:9      | Reached skill level 5 in Dodging
  9835 | D:9      | Reached XP level 10. HP: 32/63 MP: 13/13
 10023 | D:9      | Reached skill level 6 in Dodging
 10261 | D:9      | Found a staircase to the Orcish Mines.
 10286 | D:9      | Reached skill level 7 in Dodging
 10293 | D:9      | HP: 13/63 [troll (10)]
 10587 | D:9      | Reached skill level 8 in Dodging
 10959 | D:9      | Noticed Maurice
 10965 | D:9      | Killed Maurice
 10980 | D:9      | Reached skill level 9 in Dodging
 11239 | Lair:1   | Entered Level 1 of the Lair of Beasts
 11331 | Lair:1   | Reached skill level 10 in Dodging
 11514 | Lair:1   | HP: 12/63 [porcupine's spines (12)]
 11514 | Lair:1   | Reached XP level 11. HP: 12/68 MP: 14/14
 12019 | Lair:1   | Noticed an eight-headed hydra
 12060 | Lair:2   | Reached skill level 4 in Fighting
 12060 | Lair:2   | Reached skill level 5 in Evocations
 12119 | Lair:2   | Noticed Harold
 12246 | Lair:2   | HP: 14/70 [Harold/glaive of distortion (18)]
 12449 | Lair:2   | Reached skill level 5 in Fighting
 12616 | Lair:2   | Reached skill level 6 in Evocations
 12998 | Lair:2   | Upgraded the game from 0.18-a0-671-g6b2bbc4 to 0.18-a0-673-gce59692
 13046 | Lair:2   | HP: 5/72 [blink frog (15)]
 13048 | Lair:2   | Slain by a blink frog

Vanquished Creatures
  Maurice (D:9)
  Psyche (D:9)
  2 spiny frogs
  3 komodo dragons
  2 trolls (D:9)
  3 blink frogs (Lair:2)
  4 yaks (Lair:2)
  3 hippogriffs
  3 porcupines
  5 orc warriors (D:9)
  4 phantoms
  4 centaurs
  6 ogres
  4 crocodiles
  4 big kobolds (D:9)
  A wyvern zombie (D:7)
  5 giant frogs
  A gnoll sergeant (D:9)
  3 killer bees (D:9)
  2 scorpions
  7 wights (D:9)
  2 crimson imps
  A centaur zombie (Ossuary)
  3 quasits
  5 orc priests
  3 hounds
  A jelly (D:9)
  9 orc wizards
  A centaur skeleton (D:4)
  6 iguanas
  9 worker ants
  3 big kobold zombies (Ossuary)
  3 mummies (Ossuary)
  15 river rats (Lair:2)
  7 adders
  2 shadow imps
  7 gnolls
  An ooze (D:2)
  An adder zombie (D:6)
  3 worms
  7 giant geckos
  28 orcs
  8 bats
  7 giant cockroaches
  5 hobgoblins
  9 jackals
  5 kobolds
  2 quokkas
  A ball python skeleton (D:4)
  7 giant newts
  A gnoll zombie (Ossuary)
  6 goblins
  A goblin zombie (Ossuary)
  2 hobgoblin zombies (Ossuary)
  A jackal zombie (D:6)
  A quokka skeleton (D:9)
  8 rats
249 creatures vanquished.

Vanquished Creatures (others)
  A fungus (Lair:1)
  14 plants (D:9)
15 creatures vanquished.

Grand Total: 264 creatures vanquished
